 Dungeon Crawl Stone Soup version 0.32-a0-981-g384da2ce10 (webtiles) character file.

Game seed: 5947741617959588158

29434 tuffenuff the Earth Mage (level 13, -3/79 HPs)
             Began as a Formicid Earth Elementalist on Apr 20, 2024.
             Was a High Priest of Cheibriados.
             Slain by a sun moth (shapeshifter) (13 damage)
             ... on level 15 of the Dungeon.
             The game lasted 00:38:30 (15464 turns).

tuffenuff the Earth Mage (FoEE)                    Turns: 15464, Time: 00:38:30

Health: -3/79      AC: 20    Str: 27    XL:     13   Next: 81%
Magic:  27/27      EV: 10    Int: 34    God:    Cheibriados [*****.]
Gold:   722        SH:  0    Dex: 37    Spells: 26/32 levels left

rFire   . . .        a - +0 quarterstaff (spect)
rCold   + + +        (no shield)
rNeg    . . .        d - +5 chain mail of the Harp {rC++ Dex+3}
rPois   .            (helmet unavailable)
rElec   .            q - +0 cloak
rCorr   .            (no gloves)
SInv    +            Z - +1 pair of boots
Will    +....        H - amulet of magic regeneration
Stlth   +            h - +6 ring of dexterity
HPRegen 0.33/turn    Q - ring of protection from cold
MPRegen 0.60/turn

%: no passive effects
@: on fire, marked, glowing, very slow
A: permanent stasis, dig shafts and tunnels, antennae 3, four strong arms,
screaming 1, inability to drink after injury 1
a: Dig, Shaft Self, Renounce Religion, Bend Time, Temporal Distortion, Slouch,
Step From Time


You were on level 15 of the Dungeon.
You worshipped Cheibriados.
Cheibriados was extremely pleased with you.
You visited 2 branches of the dungeon, and saw 15 of its levels.

You collected 912 gold pieces.
You spent 190 gold pieces at shops.

Inventory:

Hand Weapons
 a - a +0 spectral quarterstaff (weapon)
 t - a +1 battleaxe of freezing
 J - a +3 battleaxe
 K - a +3 battleaxe
 L - a +0 orcbow
 P - the +12 whip of Dishonesty {vamp, *Corrode ^Drain rN+++ Str+4}
   (You took it off an orc wizard on level 9 of the Dungeon)

   Str+4:     It affects your strength (+4).
   rN+++:     It renders you almost immune to negative energy.
   *Corrode:  It may corrode you when you take damage.
   ^Drain:    It drains your maximum health when unequipped.
 X - a +0 longbow
Missiles
 W - 4 throwing nets
Armour
 d - the +5 chain mail of the Harp (worn) {rC++ Dex+3}
   (You found it on level 11 of the Dungeon)

   Dex+3:     It affects your dexterity (+3).
   rC++:      It greatly protects you from cold.
 q - a +0 cloak (worn)
 A - a +0 robe of willpower
 G - a +4 scale mail
 T - a +2 chain mail of fire resistance
 Y - the +4 scale mail of the Pure Beggars {rPois rN+ Str-3}
   (You took it off a kobold brigand on level 9 of the Dungeon)

   Str-3:     It affects your strength (-3).
   rPois:     It protects you from poison.
   rN+:       It protects you from negative energy.
 Z - a +1 pair of boots (worn)
Magical Staves
 b - a staff of earth
Jewellery
 h - a +6 ring of dexterity (left hand)
 p - a ring of flight
 x - an amulet of faith
 H - an amulet of magic regeneration (around neck)
 Q - a ring of protection from cold (right hand)
 R - a ring of poison resistance
Wands
 w - a wand of roots (12)
 B - a wand of polymorph (13)
 N - a wand of acid (8)
 S - a wand of charming (16)
 U - a wand of flame (31)
Scrolls
 c - 4 scrolls of immolation
 e - 3 scrolls of noise
 f - a scroll of teleportation {unknown}
 i - 2 scrolls of poison
 j - 2 scrolls of fog
 l - 5 scrolls of enchant weapon {unknown}
 n - 3 scrolls of revelation
 v - 2 scrolls of torment
 y - 5 scrolls of vulnerability {unknown}
 C - 5 scrolls of enchant armour {unknown}
 O - 2 scrolls of silence
Potions
 g - 2 potions of heal wounds
 k - 2 potions of lignification
 m - 3 potions of mutation {unknown}
 o - 4 potions of curing
 s - 2 potions of might
 u - 3 potions of brilliance {unknown}
 z - a potion of attraction
 D - 4 potions of magic
 E - a potion of resistance
 F - 2 potions of enlightenment
 I - a potion of degeneration {unknown}
 M - a potion of ambrosia {unknown}
 V - a potion of haste {unknown}


   Skills:
 + Level 9.2 Armour
 - Level 1.7 Dodging
 - Level 2.4 Stealth
 + Level 10.4 Spellcasting
 - Level 0.8 Conjurations
 * Level 17.0 Earth Magic
 + Level 10.1 Invocations
 + Level 9.2 Evocations


You had 26 spell levels left.
You knew the following spells:

 Your Spells              Type           Power      Damage    Failure   Level
a - Sandblast             Erth           100%       2d20      0%          1
b - Lee's Rapid Deconstr  Erth           46%        3d22*     1%          5

Your spell library contained the following spells:

 Spells                   Type           Power      Damage    Failure   Level
 Passwall                 Erth           93%        N/A       1%          3
 Stone Arrow              Conj/Erth      100%       3d13      1%          3
 Brom's Barrelling Bould  Conj/Erth      68%        2d8       2%          4
 Animate Armour           Summ/Erth      100%       N/A       3%          4
 Petrify                  Alch/Erth      66%        N/A       3%          4
 Magnavolt                Erth/Air       33%        3d17      94%         7
 Summon Forest            Summ/Tloc      8%         N/A       95%         5
 Summon Mana Viper        Hex/Summ       17%        N/A       95%         5
 Summon Cactus Giant      Summ           8%         N/A       100%        6


Dungeon Overview and Level Annotations

Branches:
Dungeon (13/15)            Temple (1/1) D:5            Lair (0/5) D:10
    Orc (0/2) D:10         Vaults (0/5) D:13         Depths (0/4) D:15

Altars:
Ashenzari
Cheibriados
Dithmenos
Elyvilon
Fedhas
Gozag
Hepliaklqana
Kikubaaqudgha
Makhleb
Nemelex Xobeh
Okawaru
Qazlal
Ru
Sif Muna
Trog
Uskayaw
Vehumet
Wu Jian
Xom
Yredelemnul
Zin
The Shining One

Shops:
D:3 *   D:7 :   D:9 ?


Innate Abilities, Weirdness & Mutations

You cannot be hasted, slowed, berserked, paralysed or teleported.
You can dig through walls and to a lower floor.
You have a pair of large antennae on your head. (SInv)
Your four strong arms can wield two-handed weapons with a shield.
You occasionally shout uncontrollably at your foes.
You occasionally lose the ability to drink potions when taking damage.


Message History

The white ugly thing looks frightened! x2; The ogre mage looks frightened!
The two-headed ogre looks frightened!
The sun moth resists with some effort.
The manticore looks frightened!
The six-headed hydra looks frightened!
The orc knight looks frightened!
The liquid fire burns you!
* * * LOW HITPOINT WARNING * * *
The sun moth bites you.
* * * LOW HITPOINT WARNING * * *
Your red ugly thing barely misses the red ugly thing.
The red ugly thing barely misses you.
The ogre mage mumbles some strange words.
The ogre mage flickers and vanishes for a moment.
You feel much better. The liquid fire burns you!
The sun moth's wings beat fiercely.
The flurry of pyrophoric scales hits you.
You are even more covered in intense liquid fire!
Your red ugly thing pecks the red ugly thing.
The red ugly thing is engulfed in flames!
The red ugly thing resists.
A water elemental comes into view.
The red ugly thing gores your red ugly thing!
Your red ugly thing is engulfed in flames!
Your red ugly thing resists.
Cornered, the orc knight turns to fight!
The sun moth misses you.
You sock the water elemental!
The water elemental is severely damaged.
Your +0 spectral quarterstaff hits the water elemental but does no damage.
The liquid fire burns you!
* * * LOW HITPOINT WARNING * * *
The white ugly thing seems to regain its courage.
The six-headed hydra seems to regain its courage.
Your red ugly thing closely misses the red ugly thing.
The water elemental hits your +0 spectral quarterstaff!
Your spectral weapon shares its damage with you!
* * * LOW HITPOINT WARNING * * *
The sun moth bites you!
You die...
Cheibriados appreciates the motionlessness of death.

######....)# {...
###.#.## {{.
#######.##).#######{{
.......)[.).u.uu{{.{.
###########.....###
###.....# #.#.#.#
#.#u#E## #.#u@(.#
#.###y.....# #..
......# ### ...O..#
....).# ..#'#OH ..'.#
o ..# #


You could see an orc knight, 4 ugly things, a sun moth, a two-headed ogre
(fleeing), an ogre mage (invisible, fleeing), a manticore (fleeing), a water
elemental (distracted, ally target), a friendly red ugly thing (charmed) and a
friendly +0 spectral quarterstaff.

Vanquished Creatures
  A frost giant (D:15)
  Harold (D:9)
  A hydra (D:13)
  Erica (D:9)
  A centaur warrior (D:12)
  2 boulder beetles
  4 two-headed ogres
  2 tengu warriors (D:15)
  An arcanist (D:13)
  Pikel (D:6)
  2 deep elf pyromancers
  A necromancer (D:13)
  An ugly thing (D:8)
  4 cyclopes
  Maurice (D:8)
  Joseph (D:9)
  2 gargoyles (D:12)
  2 unseen horrors
  Maggie (D:7)
  2 komodo dragons (D:11)
  An efreet (D:13)
  An ice devil (D:12)
  3 red devils (D:12)
  3 trolls
  Grinder (D:4)
  5 slime creatures (D:12)
  3 shadows
  Eustachio (D:6)
  A vampire (D:13)
  3 wraiths
  22 yaks
  A wyvern (D:8)
  A steam dragon (D:9)
  A basilisk (D:13)
  2 neqoxecs (D:12)
  Grum (D:9)
  Edmund (D:6)
  Duvessa (D:4)
  11 orc warriors
  3 sky beasts
  3 ice beasts
  A black bear (D:5)
  2 ogres
  4 wolves (D:9)
  6 centaurs
  A lemure (D:6)
  3 kobold brigands
  4 bullfrogs (D:7)
  4 scorpions
  18 wights
  Dowan (D:4)
  16 killer bees
  2 jellies
  6 howler monkeys
  3 hounds
  12 orc priests
  2 sleepcaps
  4 iguanas
  15 orc wizards
  Robin (D:3)
  4 gnolls (D:3)
  6 adders
  A shadow imp (D:5)
  3 white imps
  5 dart slugs
  A ribbon worm (D:2)
  53 orcs
  5 ball pythons
  3 bats
  4 endoplasms
  5 giant cockroaches
  15 goblins
  10 hobgoblins
  5 jackals (D:1)
  2 quokkas (D:1)
  6 frilled lizards
  17 kobolds
  6 rats
357 creatures vanquished.

Vanquished Creatures (others)
  A centaur warrior (D:15)
  A two-headed ogre (D:15)
  2 spectral weapons
4 creatures vanquished.

Grand Total: 361 creatures vanquished

Notes
Turn   | Place    | Note
-------+----------+-------------------------------------------
     0 | D:1      | tuffenuff the Formicid Earth Elementalist began the quest
                  | for the Orb.
     0 | D:1      | Reached XP level 1. HP: 13/13 MP: 3/3
   209 | D:1      | Reached skill level 4 in Earth Magic
   210 | D:1      | Reached XP level 2. HP: 19/19 MP: 1/5
   536 | D:1      | Reached XP level 3. HP: 24/24 MP: 4/6
  1286 | D:2      | Reached skill level 5 in Earth Magic
  1323 | D:2      | Reached XP level 4. HP: 30/30 MP: 6/8
  1654 | D:3      | Noticed Robin
  1671 | D:3      | Killed Robin
  1797 | D:3      | Reached XP level 5. HP: 35/35 MP: 3/10
  2066 | D:3      | Reached skill level 6 in Earth Magic
  2119 | D:3      | Found a white marble altar of Elyvilon.
  2275 | D:3      | Found a stormy altar of Qazlal.
  2275 | D:3      | Noticed a sky beast
  2289 | D:3      | Killed a sky beast
  2290 | D:3      | Reached XP level 6. HP: 40/41 MP: 2/12
  2317 | D:3      | Reached skill level 7 in Earth Magic
  2394 | D:3      | Found Yggi's General Store.
  2405 | D:3      | Bought a scroll of identify for 26 gold pieces
  2405 | D:3      | Bought a scroll of immolation for 52 gold pieces
  2648 | D:4      | Noticed Duvessa
  2649 | D:4      | Noticed Dowan
  2653 | D:4      | Reached XP level 7. HP: 39/46 MP: 9/13
  2701 | D:4      | You are sucked into a shaft and drop 1 floor!
  2701 | D:5      | Entered Level 5 of the Dungeon
  3039 | D:4      | Noticed Grinder
  3051 | D:4      | Killed Grinder
  3052 | D:4      | Reached skill level 5 in Spellcasting
  3052 | D:4      | Reached skill level 8 in Earth Magic
  3266 | D:4      | Killed Duvessa
  3267 | D:4      | Reached XP level 8. HP: 38/52 MP: 13/15
  3273 | D:4      | Killed Dowan
  3274 | D:4      | Reached skill level 9 in Earth Magic
  3660 | D:4      | Found a shimmering blue altar of Sif Muna.
  3938 | D:5      | Found a staircase to the Ecumenical Temple.
  3989 | Temple   | Entered the Ecumenical Temple
  4008 | Temple   | Became a worshipper of Cheibriados the Contemplative
  4139 | D:5      | Reached skill level 1 in Invocations
  4139 | D:5      | Reached skill level 1 in Evocations
  4446 | D:5      | Reached skill level 10 in Earth Magic
  4672 | D:6      | Noticed Edmund
  4679 | D:6      | Killed Edmund
  4680 | D:6      | Reached XP level 9. HP: 10/55 MP: 12/18
  5035 | D:6      | Reached skill level 1 in Armour
  5173 | D:6      | Noticed Eustachio
  5173 | D:6      | Noticed Pikel
  5179 | D:6      | Killed Pikel
  5180 | D:6      | Reached skill level 11 in Earth Magic
  5187 | D:6      | Killed Eustachio
  5608 | D:6      | Reached * piety under Cheibriados
  6134 | D:6      | Found a bloodstained altar of Trog.
  6316 | D:7      | Reached XP level 10. HP: 47/63 MP: 17/20
  6558 | D:7      | Reached ** piety under Cheibriados
  6695 | D:7      | Found Keugineh's Book Boutique.
  6706 | D:7      | Noticed Maggie
  6715 | D:7      | Killed Maggie
  6716 | D:7      | Reached skill level 12 in Earth Magic
  6716 | D:7      | Reached skill level 5 in Invocations
  6869 | D:7      | Learned a level 5 spell: Lee's Rapid Deconstruction
  7663 | D:8      | Reached skill level 5 in Evocations
  7664 | D:8      | Reached *** piety under Cheibriados
  7671 | D:8      | Noticed Maurice
  7674 | D:8      | You are sucked into a shaft and drop 2 floors!
  7674 | D:10     | Entered Level 10 of the Dungeon
  7871 | D:10     | HP: 1/63 [orc warrior/+2 mace of protection (3)]
  8097 | D:10     | Noticed a cyclops
  8110 | D:10     | Killed a cyclops
  8222 | D:10     | Reached skill level 5 in Armour
  8222 | D:10     | Reached XP level 11. HP: 57/68 MP: 2/22
  8407 | D:10     | Found a staircase to the Orcish Mines.
  8443 | D:10     | Reached skill level 13 in Earth Magic
  8460 | D:10     | Reached **** piety under Cheibriados
  8974 | D:10     | Reached ***** piety under Cheibriados
  9172 | D:9      | Identified the +4 scale mail of the Pure Beggars {rPois rN+
                  | Str-3}
  9211 | D:9      | HP: 3/67 [orc warrior/+2 dire flail of protection (4)]
  9252 | D:9      | Noticed a two-headed ogre
  9254 | D:9      | Killed a two-headed ogre
  9255 | D:9      | Reached skill level 14 in Earth Magic
  9320 | D:9      | Identified the +12 whip of Dishonesty {vamp, *Corrode
                  | ^Drain rN+++ Str+4}
  9438 | D:9      | Noticed Erica
  9444 | D:9      | Killed Erica
  9566 | D:9      | Noticed Grum
  9570 | D:9      | Killed Grum
  9646 | D:9      | Noticed Joseph
  9665 | D:9      | Killed Joseph
  9836 | D:8      | Maurice stole a staff of earth
  9836 | D:8      | Maurice stole an amulet of magic regeneration
  9837 | D:8      | Maurice stole 471 gold
  9842 | D:8      | Killed Maurice
  9843 | D:8      | Reached XP level 12. HP: 17/74 MP: 15/24
 10124 | D:8      | Found an ornate altar of the Wu Jian Council.
 10544 | D:8      | You fall into a shaft and drop 2 floors!
 10912 | D:9      | Found Zuatiaj's Magic Scroll Boutique.
 10916 | D:9      | Bought a scroll of identify for 32 gold pieces
 10916 | D:9      | Bought a scroll of identify for 32 gold pieces
 10916 | D:9      | Bought a scroll of noise for 16 gold pieces
 10916 | D:9      | Bought a scroll of identify for 32 gold pieces
 10994 | D:9      | Noticed Harold
 10997 | D:9      | Killed Harold
 11146 | D:9      | Found a radiant altar of Vehumet.
 11792 | D:10     | Reached skill level 15 in Earth Magic
 11901 | D:10     | Found a staircase to the Lair.
 12140 | D:11     | Found a basalt altar of Yredelemnul.
 12162 | D:11     | Reached ****** piety under Cheibriados
 12248 | D:11     | Identified the +5 chain mail of the Harp {rC++ Dex+3}
 12420 | D:11     | Noticed a boulder beetle
 12437 | D:11     | Killed a boulder beetle
 13150 | D:12     | Noticed a centaur warrior
 13154 | D:12     | Killed a centaur warrior
 13155 | D:12     | Reached XP level 13. HP: 78/79 MP: 20/26
 13279 | D:12     | Gained mutation: You occasionally shout uncontrollably at
                  | your foes. [a neqoxec]
 13282 | D:12     | You fall into a shaft and drop 1 floor!
 13590 | D:13     | HP: 2/79 [efreet/fireball (30)]
 13883 | D:12     | Reached skill level 16 in Earth Magic
 13944 | D:12     | Gained mutation: You occasionally lose the ability to drink
                  | potions when taking damage. [a neqoxec]
 14480 | D:13     | Reached skill level 10 in Spellcasting
 14510 | D:13     | Found a gate to the Vaults.
 14566 | D:13     | Noticed a four-headed hydra
 14570 | D:13     | Killed a four-headed hydra
 14689 | D:13     | You fall into a shaft and drop 2 floors!
 14689 | D:15     | Entered Level 15 of the Dungeon
 14899 | D:15     | Noticed a centaur warrior
 15254 | D:15     | Noticed a frost giant
 15266 | D:15     | Killed a frost giant
 15267 | D:15     | Reached skill level 10 in Invocations
 15405 | D:15     | Found a staircase to the Depths.
 15457 | D:15     | Noticed a six-headed hydra
 15459 | D:15     | Noticed an ogre mage
 15461 | D:15     | Reached skill level 17 in Earth Magic
 15464 | D:15     | Slain by a sun moth (shapeshifter)

Illustrated notes

Levels and vault maps discovered:
D:1:      dpeg_arrival_rhombi, layout_loops_ring, minmay_tetromino_o4
D:2:      layout_rooms
D:3:      layout_loops_cross, lemuel_round_altar,
          nicolae_qazlal_beasts_of_the_sky, serial_shops, shop, uniq_robin
D:4:      layout_loops_ring, kennysheep_little_box, grunt_decor_one_mirror,
          uniq_grinder, uniq_duvessa
D:5:      layout_loops_ring, minmay_temple_entry_drinking_statues,
          nicolae_underground_beach
D:6:      layout_layer_cave, mainiacjoe_overflow_concentric_impassable,
          hangedman_decor_diamond_cutter, kennysheep_generic_room_13,
          uniq_eustachio, uniq_pikel, uniq_edmund
D:7:      layout_basic, serial_shops, kennysheep_mini, uniq_maggie
D:8:      layout_rooms, mainiacjoe_overflow_paths, eino_curves_03,
          serial_library_hellmonk_secret_room, minmay_small_thing, uniq_maurice
D:9:      layout_loops_ring, mainiacjoe_overflow_brackets, serial_shops, shop,
          minmay_orc_keep, uniq_harold, uniq_erica, uniq_joseph, uniq_grum
D:10:     layout_cave_pods, lair_entry_dummy, erik_orc_3
D:11:     layout_basic, yredelemnul_altar_generic
D:12:     layout_basic, nicolae_neqoxec_dot_bat
D:13:     layout_basic, david_vaults_1, kennysheep_okawaru_gauntlet, uniq_lodul,
          uniq_jorgrun
D:15:     grunt_enter_depths_snipers, layout_basic, kennysheep_pointless_box
Temple:   minmay_temple_bridge_d

Skill      XL: |  1  2  3  4  5  6  7  8  9 10 11 12 13 |
---------------+----------------------------------------+-----
Earth Magic    | 4 5 6 7 8 10 11 12 14 15 17 | 17.0
Spellcasting   | 3 4 5 6 7 8 9 10 | 10.4
Invocations    | 2 4 6 7 9 10 | 10.1
Evocations     | 2 4 5 6 8 9 |  9.2
Armour         | 3 5 6 8 9 |  9.2
Dodging        | |  1.7
Stealth        | |  2.4
Conjurations   | |  0.8

Action                     |  1- 3 |  4- 6 |  7- 9 | 10-12 | 13-15 || total
---------------------------+-------+-------+-------+-------+-------++-------
  Melee: Unarmed           |     9 |       |       |       |       ||     9
         Dagger            |    29 |    55 |     6 |       |       ||    90
         Quarterstaff      |       |       |    35 |    91 |    26 ||   152
         Staff             |       |       |    13 |    11 |       ||    24
   Cast: Sandblast         |    36 |    61 |    88 |   176 |    32 ||   393
         Lee's Rapid Decon |       |       |       |    65 |    36 ||   101
 Invoke: Temporal Distorti |       |       |       |     2 |       ||     2
         Slouch            |       |       |       |       |     1 ||     1
Ability: Shaft Self        |       |       |     1 |     2 |     2 ||     5
         Dig               |       |       |       |     8 |     4 ||    12
  Evoke: Wand              |       |       |       |     7 |    12 ||    19
    Use: Potion            |       |       |       |     2 |     2 ||     4
         Scroll            |       |       |       |       |    14 ||    14
   Stab: Sleeping          |     3 |     2 |     1 |       |       ||     6
         Distracted        |       |       |       |     2 |     4 ||     6
         Confused          |       |       |       |     1 |       ||     1
 Armour: Robe              |    39 |    38 |    49 |       |       ||   126
         Scale mail        |       |       |    44 |   232 |       ||   276
         Chain mail        |       |       |       |    73 |    85 ||   158
  Dodge: Dodged            |    29 |    46 |    63 |   170 |    38 ||   346

Table legend: (Time is in decaauts)
 A = Elapsed time spent in this place.
 B = Non-inter-level travel time spent in this place.
 C = Inter-level travel time spent in this place.
 D = Time resting spent in this place.
 E = Time spent auto-exploring this place.
 F = Levels seen in this place.
 G = Mean time per level.
                   A        B        C        D        E       F      G
               +--------+--------+--------+--------+--------+-----+--------+
         Total |  19578 |  18906 |    672 |   2560 |  13650 |  15 | 1305.2 |
       Dungeon |  19534 |  18904 |    630 |   2560 |  13650 |  14 | 1395.3 |
        Temple |     44 |      2 |     42 |      0 |      0 |   1 |   44.0 |
               +--------+--------+--------+--------+--------+-----+--------+

Top non-repeatable levels by time:
    D:10: 2615 daAuts
     D:9: 2148 daAuts
     D:6: 2056 daAuts
    D:12: 2045 daAuts
     D:8: 1612 daAuts
     D:7: 1544 daAuts
     D:3: 1191 daAuts
    D:11: 1136 daAuts
     D:5: 1096 daAuts
     D:4: 979 daAuts
     D:1: 968 daAuts
    D:15: 903 daAuts
    D:13: 671 daAuts
     D:2: 565 daAuts
  Temple: 44 daAuts
